 Dungeon Crawl Stone Soup version 0.30-b1-2-g02819fbbbe (webtiles) character file.

Game seed: 6908398326449530683

177 Metae the Shield-Bearer (level 5, -1/47 HPs)
             Began as a Minotaur Fighter on June 23, 2023.
             Slain by Edmund
             ... wielding a +0 heavy flail
              (2 damage)
             ... on level 4 of the Dungeon.
             The game lasted 00:04:30 (3150 turns).

Metae the Shield-Bearer (Minotaur Fighter)          Turns: 3150, Time: 00:04:31

Health: -1/47      AC:  9    Str: 23    XL:     5   Next: 30%
Magic:  4/4        EV:  9    Int:  5    God:
Gold:   121        SH:  4    Dex:  9    Spells: 4/4 levels left

rFire   . . .        p - +0 whip (elec)
rCold   . . .        c - +0 buckler
rNeg    . . .        b - +0 scale mail
rPois   .            (helmet restricted)
rElec   .            (no cloak)
rCorr   .            (no gloves)
SInv    .            h - +1 pair of boots
Will    .....        (no amulet) Stlth
                     (no ring)
HPRegen 0.27/turn    (no ring)
MPRegen 0.09/turn

%: no passive effects
@: brilliant
A: horns 2, retaliatory headbutt, mutation resistance 1
a: no special abilities


You were on level 4 of the Dungeon.
You visited 1 branch of the dungeon, and saw 4 of its levels.

You collected 121 gold pieces.

Inventory:

Hand Weapons
 a - a +0 flail
 p - a +0 whip of electrocution (weapon)
Missiles
 j - 19 stones (quivered)
 u - 4 poisoned darts
Armour
 b - a +0 scale mail (worn)
 c - a +0 buckler (worn)
 h - a +1 pair of boots (worn)
Jewellery
 t - a ring of fire
Wands
 q - a wand of charming (12)
Scrolls
 f - 2 scrolls of vulnerability {unknown}
 g - 3 scrolls of enchant armour
 l - 2 scrolls of noise {unknown}
 m - 3 scrolls of identify {unknown}
 n - 2 scrolls of teleportation {unknown}
Potions
 d - a potion of might
 e - 3 potions of mutation
 i - 2 potions of heal wounds {unknown}
 o - a potion of invisibility {unknown}
 r - a potion of attraction {unknown}
 s - a potion of curing {unknown}
 v - a potion of degeneration {unknown}


   Skills:
 + Level 4.7 Fighting
 + Level 3.9 Maces & Flails
 + Level 4.8 Armour
 + Level 4.8 Shields


You had 4 spell levels left.
You didn't know any spells.
Your spell library contained the following spells:

 Spells                   Type           Power      Damage    Failure   Level
 Gell's Gravitas          Tloc           0%         N/A       99%         3
 Teleport Other           Tloc           0%         N/A       99%         3
 Dispersal                Tloc           0%         N/A       100%        6


Dungeon Overview and Level Annotations

Branches:
Dungeon (4/15)
 Temple: D:4-7

Altars:

Annotations:
D:4 Edmund, Robin


Innate Abilities, Weirdness & Mutations

You have a pair of horns on your head.
You reflexively headbutt those who attack you in melee.
You are somewhat resistant to further mutation.


Message History

The goblin hits you but does no damage. Edmund closely misses you.
You hit Edmund.
Edmund is moderately wounded.
The goblin hits you but does no damage. Edmund hits you with a +0 heavy flail!
You hit Edmund but do no damage. Lightning courses through Edmund!
Your headbutt misses Edmund.
Edmund is heavily wounded.
The goblin hits you with a +0 dagger.
Robin roars a battlecry!
The goblins go into a battle-frenzy!
You completely miss Edmund.
Edmund is heavily wounded.
The goblin hits you but does no damage. Edmund hits you but does no damage.
You barely miss Edmund. Your headbutt misses Edmund.
Edmund is heavily wounded.
The goblin hits you with a +0 dagger.
You hit Edmund but do no damage.
Edmund is heavily wounded.
Edmund asks, "Have you met my wondrous brother?"
Edmund hits you with a +0 heavy flail!
* * * LOW HITPOINT WARNING * * *
The goblin hits you but does no damage.
You hit Edmund but do no damage. Lightning courses through Edmund!
You headbutt Edmund, but do no damage.
Edmund is almost dead.
Edmund closely misses you. The goblin hits you but does no damage.
You hit Edmund but do no damage.
Edmund is almost dead.
The goblin hits you but does no damage.
You hit Edmund but do no damage. You headbutt Edmund, but do no damage.
Edmund is almost dead.
Edmund hits you with a +0 heavy flail!
* * * LOW HITPOINT WARNING * * *
It was a potion of mutation.
You feel extremely strange.
You feel genetically stable. You block the goblin's attack.
It was a potion of brilliance.
You feel clever all of a sudden. You block the goblin's attack.
Edmund hits you with a +0 heavy flail.
You die...

##.....
.......
.......
...gg


.ggg #gg #.###g@## #...ggg@# #..###### You could see Edmund, Robin, a gnoll, 4
hobgoblins and 5 goblins.

Vanquished Creatures
  A gnoll bouda (D:4)
  7 gnolls
  3 adders
  A dart slug (D:1)
  2 endoplasms
  4 giant cockroaches
  5 goblins
  5 hobgoblins
  3 jackals (D:1)
  A quokka (D:2)
  6 ball pythons
  6 bats
  3 frilled lizards
  6 kobolds
  5 rats
58 creatures vanquished.

Notes
Turn   | Place    | Note
-------+----------+-------------------------------------------
     0 | D:1      | Metae the Minotaur Fighter began the quest for the Orb.
     0 | D:1      | Reached XP level 1. HP: 19/19 MP: 0/0
   159 | D:1      | Reached XP level 2. HP: 27/27 MP: 1/1
   952 | D:2      | Reached XP level 3. HP: 33/33 MP: 2/2
  1270 | D:2      | Reached XP level 4. HP: 38/40 MP: 3/3
  2207 | D:3      | Found a faded altar of an unknown god.
  2967 | D:4      | Noticed Robin
  2974 | D:4      | Reached XP level 5. HP: 26/47 MP: 4/4
  3134 | D:4      | Noticed Edmund
  3148 | D:4      | HP: 1/47 [Edmund/+0 heavy flail (8)]
  3149 | D:4      | Gained mutation: You are somewhat resistant to further
                  | mutation. [potion of mutation]
  3150 | D:4      | Slain by Edmund

Illustrated notes

Levels and vault maps discovered:
D:1:      tarquinn_simple_flora_water_f, layout_basic
D:2:      layout_basic
D:3:      layout_loops_corners, ebering_ecumenical_altar_hall,
          serial_co_window_serial, co_window_corner_a, co_window_paths_b,
          co_window_corner_a, co_window_paths_a, co_window_of_opportunity_a,
          co_window_unsneaky_path_a, co_window_cross_3, co_window_broadway_a,
          co_window_corner_ca, co_window_corner_b, co_window_corner_b,
          co_window_4corner_b, glass_columns_b, glass_columns_b,
          glass_columns_b, patterned_corridor
D:4:      layout_basic, lemuel_tele_altar, grunt_ministairs_10,
          corexii_leaking_fountain, uniq_robin, uniq_edmund, uniq_sigmund

Skill      XL: |  1  2 |
---------------+-------+-----
Armour         | 4 |  4.8
Shields        | 4 |  4.8
Fighting       | 4 |  4.7
Maces & Flails | 3 |  3.9

Action                     |  1- 3 |  4- 6 || total
---------------------------+-------+-------++-------
  Melee: Flail             |    59 |    29 ||    88
         Headbutt          |    11 |    11 ||    22
         Whip              |       |    35 ||    35
    Use: Scroll            |       |     1 ||     1
         Potion            |       |     2 ||     2
 Armour: Scale mail        |    26 |    29 ||    55
  Dodge: Dodged            |    42 |    33 ||    75
  Block: Buckler           |    31 |    13 ||    44
